 Dungeon Crawl Stone Soup version 0.23.2-33-g5129a83184 (webtiles) character file.

Game seed: 18216632105021716348

35 psyvane the Conjurer (level 3, -6/21 HPs)
             Began as an Octopode Conjurer on July 6, 2019.
             Mangled by a gnoll
             ... wielding a +0 flail
              (13 damage)
             ... on level 2 of the Dungeon.
             The game lasted 00:02:37 (680 turns).

psyvane the Conjurer (Octopode Conjurer)             Turns: 680, Time: 00:02:37

Health: -6/21      AC:  1    Str:  7    XL:     3   Next: 33%
Magic:  2/6        EV: 13    Int: 17    God:
Gold:   47         SH:  0    Dex: 13    Spells: 5/6 levels left

rFire    . . .     SeeInvis .   (no weapon)
rCold    . . .     Gourm    .   (no shield)
rNeg     . . .     Faith    .   (helmet restricted)
rPois    .         Spirit   .   (no amulet)
rElec    .         Reflect  .   e - ring of wizardry
rCorr    .         Harm     .   (no ring)
MR       .....                  (no ring)
Stlth    +++.......             (no ring)
HPRegen  0.07/turn              (no ring)
MPRegen  0.10/turn              (no ring)
                                (no ring)
                                (no ring)

@: no status effects
A: almost no armour, stealthy swim, amphibious, 8 rings, constrict 8, camouflage
1, gelatinous body 1
a: no special abilities


You were on level 2 of the Dungeon.
You were not hungry.

You visited 1 branch of the dungeon, and saw 2 of its levels.

You collected 47 gold pieces.

Inventory:

Jewellery
 e - a ring of wizardry (left tentacle)
Scrolls
 a - a scroll of identify
 d - a scroll of remove curse
Comestibles
 b - 6 rations


   Skills:
 - Level 2.0 Dodging
 - Level 2.6 Stealth
 - Level 2.0 Spellcasting
 * Level 5.1 Conjurations


You had 5 spell levels left.
You knew the following spells:

 Your Spells              Type           Power        Failure   Level  Hunger
a - Magic Dart            Conj           ###.         1%          1    #......

Your spell library contained the following spells:

 Spells                   Type           Power        Failure   Level  Hunger
 Searing Ray              Conj           ###...       1%          2    ###....
 Dazzling Spray           Conj/Hex       ##....       9%          3    ###....
 Iskenderun's Mystic Bla  Conj           ###.....     10%         4    #####..
 Force Lance              Conj/Tloc      ##......     26%         4    #####..
 Fulminant Prism          Conj/Hex       ##........   26%         4    #####..


Dungeon Overview and Level Annotations

Branches:
Dungeon (2/15)

Altars:


Innate Abilities, Weirdness & Mutations

You cannot wear most types of armour.
You are very stealthy in the water. (Stealth+)
You are amphibious.
You can wear up to eight rings at the same time.
You can use your tentacles to constrict eight enemies at once.
Your skin changes colour to match your surroundings (Stealth+).
Your rubbery body absorbs attacks. (AC +1, EV +1)


Message History

The gnoll struggles to escape constriction.
You tentacle-slap the gnoll but do no damage.
The gnoll is almost dead.
You constrict the gnoll.
You kill the gnoll!
Your Conjurations skill increases to level 5!
You see here a spear.
Casting: Magic Dart (safe; 1% risk of failure)
Confirm with . or Enter, or press ? or * to list all spells.
Aiming: Magic Dart (safe; 1% risk of failure)
Press: ? - help, Shift-Dir - straight line, f - gnoll
Aim: a gnoll, wielding a +0 flail The magic dart hits the gnoll but does no damage.
The gnoll barely misses you.
Char dumped successfully.
A bat comes into view.
A worm comes into view.
The bat closely misses you. The gnoll hits you with a +0 flail!
Ouch! That really hurt!
You die...

.........# #.#
.....#.... #.#
....#.w.# #.# .
#..#...#######.#
..#..............#
.........#########
................
.......g........
.##....b@.......
......#.#######.
.##...#.# #.. #.#
#... ### .... .#..


You could see a worm (wandering), a gnoll and a bat.

Vanquished Creatures
  2 gnolls (D:2)
  A dart slug (D:1)
  3 hobgoblins (D:1)
  2 jackals (D:2)
  4 bats
  A frilled lizard (D:1)
  2 rats (D:1)
15 creatures vanquished.

Notes
Turn   | Place    | Note
-------+----------+-------------------------------------------
     0 | D:1      | psyvane the Octopode Conjurer began the quest for the Orb.
     0 | D:1      | Reached XP level 1. HP: 11/11 MP: 3/3
   317 | D:1      | Reached XP level 2. HP: 17/17 MP: 1/5
   647 | D:2      | Reached XP level 3. HP: 21/21 MP: 0/6
   654 | D:2      | Reached skill level 5 in Conjurations
   680 | D:2      | Mangled by a gnoll

Skill      XL: |  1  2  3 |
---------------+----------+-----
Conjurations   | 5 |  5.1
Dodging        | |  2.0
Stealth        | |  2.6
Spellcasting   | |  2.0

Action                   || total
-------------------------++-------
Melee: Unarmed           ||    12
       Constrict         ||     3
       Tentacles         ||     2
 Cast: Magic Dart        ||    32
  Use: Scroll            ||     1
Armor: Skin              ||     1
Dodge: Dodged            ||     9
